 Dungeon Crawl Stone Soup version 0.28.0 (webtiles) character file.

Game seed: 2440924251054845918

3964 browni3141 the Skirmisher (level 10, -2/64 HPs)
             Began as a Gargoyle Berserker on Feb 16, 2022.
             Was a Priest of Trog.
             Shot with an arrow by a centaur (10 damage)
             ... on level 8 of the Dungeon.
             The game lasted 00:04:41 (8633 turns).

browni3141 the Skirmisher (Gargoyle Berserker)      Turns: 8633, Time: 00:04:41

Health: -2/64      AC: 26    Str: 19    XL:     10   Next: 22%
Magic:  10/10      EV:  9    Int: 13    God:    Trog [***...]
Gold:   378        SH:  0    Dex: 13    Spells: 9/9 levels left

rFire   . . .      SeeInvis .   p - +0 war axe
rCold   + . .      Faith    +   (no shield)
rNeg    + + +      Spirit   .   D - +6 chain mail "Cecyzoac" {Harm rN++ Will+ Str-3}
rPois   ∞          Reflect  .   (no helmet)
rElec   +          Harm     +   M - +0 cloak
rCorr   .          Rampage  .   j - +0 pair of gloves
Will    +++..                   (no boots)
Stlth   +.........              K - amulet of faith
HPRegen 1.20/turn               u - +6 ring of intelligence
MPRegen 0.12/turn               C - ring of protection from cold

@: strong-willed, on berserk cooldown, regenerating
A: sickness immunity, AC +7, negative energy resistance 1, electricity
resistance, torment resistance 1, petrification resistance
a: Renounce Religion, Berserk, Trog's Hand


You were on level 8 of the Dungeon.
You worshipped Trog.
Trog was most pleased with you.
You visited 1 branch of the dungeon, and saw 8 of its levels.

You collected 378 gold pieces.

Inventory:

Hand Weapons
 a - a +0 hand axe
 p - a +0 war axe (weapon)
Armour
 b - a +0 animal skin
 j - a +0 pair of gloves (worn)
 o - a +0 ring mail
 s - a +0 chain mail of poison resistance
 D - the +6 chain mail "Cecyzoac" (worn) {Harm rN++ Will+ Str-3}
   (You found it on level 5 of the Dungeon)

   Str:       It affects your strength (-3).
   rN:        It greatly protects you from negative energy.
   Harm:      It increases damage dealt and taken.
   Will:      It increases your willpower.
 M - a +0 cloak (worn)
Jewellery
 u - a +6 ring of intelligence (left hand)
 A - an amulet of guardian spirit
 C - a ring of protection from cold (right hand)
 F - the ring "Voubrurch" {Fly rPois Will- rCorr Int+3}
   (You found it on level 6 of the Dungeon)

   [ring of flight]

   Int:       It affects your intelligence (+3).
   rPois:     It protects you from poison.
   Fly:       It grants you flight.
   rCorr:     It protects you from acid and corrosion.
   Will:      It decreases your willpower.
 G - a ring of fire
 K - an amulet of faith (around neck)
Wands
 r - a wand of mindburst (15)
 E - a wand of iceblast (11)
 H - a wand of polymorph (1)
Scrolls
 f - 3 scrolls of acquirement {unknown}
 g - 3 scrolls of silence {unknown}
 h - 4 scrolls of identify {unknown}
 k - 2 scrolls of enchant armour {unknown}
 m - 3 scrolls of teleportation {unknown}
 q - 2 scrolls of fog {unknown}
 w - 2 scrolls of blinking {unknown}
 x - 2 scrolls of torment {unknown}
 y - a scroll of immolation {unknown}
 B - a scroll of amnesia {unknown}
 J - a scroll of holy word {unknown}
 N - a scroll of fear {unknown}
 O - a scroll of enchant weapon {unknown}
Potions
 c - 4 potions of flight {unknown}
 d - 3 potions of magic {unknown}
 e - 3 potions of might {unknown}
 i - a potion of cancellation {unknown}
 l - 2 potions of brilliance {unknown}
 n - 2 potions of curing {unknown}
 t - 2 potions of heal wounds {unknown}
 v - 3 potions of degeneration {unknown}
 z - 2 potions of mutation {unknown}
 I - a potion of attraction {unknown}
 L - a potion of resistance {unknown}


   Skills:
 + Level 7.9 Fighting
 + Level 6.5 Axes
 + Level 7.5 Armour
 + Level 5.3 Dodging
 + Level 7.7 Stealth


You had 9 spell levels left.
You didn't know any spells.
Your spell library was empty.

Dungeon Overview and Level Annotations

Branches:
Dungeon (8/15)             Temple (0/1) D:4
   Lair: D:8-11

Altars:
Okawaru
Uskayaw

Shops:
D:7 ((   D:8 (*


Innate Abilities, Weirdness & Mutations

You are immune to sickness and miasma.
Your stone body is resilient. (AC +7)
You are immune to poison.
You resist negative energy. (rN+)
You are resistant to electric shocks. (rElec)
You are resistant to unholy torment.
You are immune to petrification.


Message History

You slash the yak!
You kill the yak!
Trog accepts your kill.
The centaur wields a +0 shortbow.
The centaur shoots an arrow.
The arrow hits you but does no damage.
You slash the yak! You punch the yak.
The yak is heavily wounded.
The centaur shoots an arrow.
The arrow hits you. The yak gores you. The yak gores you!
* * * LOW HITPOINT WARNING * * *
The centaur shoots an arrow.
The arrow closely misses you.
You are too injured to fight recklessly!
Unknown command.
Your skin crawls.
You feel strong-willed.
The centaur shoots an arrow.
The arrow barely misses you. The yak completely misses you. The yak gores you!
* * * LOW HITPOINT WARNING * * *
Unknown command.
Aiming: Iceblast
Press: ? - help, Shift-Dir - straight line That beam is likely to hit you.
Continue anyway?
Okay, then.
The centaur shoots an arrow.
The arrow hits you but does no damage.
The centaur shoots an arrow.
The arrow hits you but does no damage.
A sky beast appears from thin air!
Reactivating autopickup.
Unknown command.
The centaur unwields a +0 shortbow.
The centaur hits you but does no damage.
The centaur kicks you but does no damage.
The yak barely misses you.
Unknown command.
The centaur wields a +0 shortbow.
The centaur shoots an arrow.
The arrow hits you but does no damage. The yak gores you.
* * * LOW HITPOINT WARNING * * *
You feel yourself speed up.
The centaur shoots an arrow.
The arrow hits you!
You die...

#.###.#.####..##.#.# #.....
.#........# #..#....# ###...
...#.#.#..####.....### #.##
.>.................# #.#)
...#.#.#..####.##..## #.##
..........# #.##...#########...
...#.#.#.#####.##...............
#......y.##YYY..#...##########..
#.....Kcy.y#.#@#.########...#..
.#...###Y##.c.....).........#....
.. #. #.##..#.#..#########...#..
#..#.###y##......## #...........
#.cyY†..c##......# #.#####..###
#..Yc..Yy#######.# #.#####.....
#..#Y##### #.# #.......#.#) #. #K
#.. ######.....) # .. ... #..#)#)


You could see 2 yaks, a sky beast, 2 centaurs and 2 killer bees.

Vanquished Creatures
  The ghost of dualclasshuman the Fighter, a novice OgBe of Trog (D:7)
  A gargoyle (D:7)
  Grinder (D:3)
  Sigmund (D:3)
  A wyvern (D:8)
  3 yaks (D:8)
  4 vampire mosquitoes (D:7)
  An orc warrior (D:8)
  A sky beast (D:6)
  An ogre (D:3)
  3 kobold brigands
  2 bullfrogs
  A scorpion (D:5)
  2 water moccasin skeletons
  A killer bee (D:8)
  4 wights (D:8)
  A bullfrog zombie (D:5)
  A gnoll shaman (D:6)
  2 iguanas (D:6)
  2 orc priests
  3 jellies
  Crazy Yiuf (D:7)
  Ijyb (D:3)
  3 orc wizards
  A killer bee zombie (D:8)
  A hound zombie (D:5)
  2 howler monkey zombies
  9 gnolls
  9 adders
  2 shadow imps (D:7)
  5 worms
  2 dart slugs (D:2)
  7 orcs
  5 bats
  5 endoplasms
  3 giant cockroaches
  5 hobgoblins
  7 jackals
  15 kobolds
  2 quokkas
  6 ball pythons
  A frilled lizard (D:1)
  5 goblins
  3 rats
137 creatures vanquished.

Notes
Turn   | Place    | Note
-------+----------+-------------------------------------------
     0 | D:1      | browni3141 the Gargoyle Berserker began the quest for the
                  | Orb.
     0 | D:1      | Reached XP level 1. HP: 14/14 MP: 1/1
     5 | D:1      | Noticed an ogre
     9 | D:1      | Noticed a minotaur skeleton
    15 | D:1      | Noticed an elf
   230 | D:1      | Found a faded altar of an unknown god.
   391 | D:1      | Reached XP level 2. HP: 15/19 MP: 2/2
   611 | D:1      | Reached skill level 1 in Stealth
  1133 | D:2      | Found an iron altar of Okawaru.
  1264 | D:2      | Reached XP level 3. HP: 23/23 MP: 3/3
  1428 | D:2      | Reached ** piety under Trog
  1798 | D:2      | Reached XP level 4. HP: 18/29 MP: 4/4
  2819 | D:3      | Noticed an ogre
  2825 | D:3      | Killed an ogre
  2826 | D:3      | Reached XP level 5. HP: 22/33 MP: 5/5
  2826 | D:3      | Noticed Ijyb
  2843 | D:3      | Killed Ijyb
  3065 | D:3      | Noticed Sigmund
  3078 | D:3      | Killed Sigmund
  3079 | D:3      | Reached XP level 6. HP: 37/39 MP: 6/6
  3360 | D:3      | Noticed Grinder
  3377 | D:3      | Killed Grinder
  3378 | D:3      | Reached skill level 5 in Fighting
  3378 | D:3      | Reached XP level 7. HP: 44/44 MP: 7/7
  4214 | D:4      | Found a staircase to the Ecumenical Temple.
  4695 | D:5      | Entered Level 5 of the Dungeon
  4903 | D:5      | Reached XP level 8. HP: 48/50 MP: 6/8
  5193 | D:5      | Identified the +6 chain mail "Cecyzoac" {Harm rN++ Will+
                  | Str-3}
  5241 | D:6      | Reached skill level 5 in Armour
  5532 | D:6      | Reached skill level 5 in Stealth
  5864 | D:6      | Identified the ring "Voubrurch" {Fly rPois Will- rCorr
                  | Int+3}
  5884 | D:6      | Found a hide-covered altar of Uskayaw.
  5896 | D:6      | Reached skill level 5 in Axes
  6173 | D:7      | Found a large runed translucent door.
  6173 | D:7      | Found a large runed translucent door.
  6290 | D:7      | Found Luquge's Weapon Shoppe.
  6393 | D:7      | Reached *** piety under Trog
  6410 | D:7      | Noticed a gargoyle
  6419 | D:7      | Killed a gargoyle
  6420 | D:7      | Reached XP level 9. HP: 56/56 MP: 5/9
  6564 | D:7      | Found a runed translucent door.
  6565 | D:7      | Noticed Crazy Yiuf
  6683 | D:7      | Found Joklemm's Weapon Shop.
  7184 | D:7      | Noticed dualclasshuman's ghost (novice OgBe)
  7219 | D:7      | Killed dualclasshuman's ghost
  7535 | D:7      | Killed Crazy Yiuf
  7632 | D:8      | Found Naokh's Antique Weapon Shoppe.
  7642 | D:8      | Reached skill level 5 in Dodging
  8014 | D:8      | Reached XP level 10. HP: 28/63 MP: 10/10
  8540 | D:8      | Found Pusutyig's Assorted Antiques.
  8625 | D:8      | HP: 1/64 [yak (14)]
  8633 | D:8      | Shot with an arrow by a centaur

Illustrated notes

Levels and vault maps discovered:
D:1:      shiori_arrival_whats_in_store_for_you, layout_basic,
          ebering_ecumenical_altar_abandoned
D:2:      layout_basic, basic_altar, nrook_uturn, minmay_misc_feat_diagonals
D:3:      cheibrodos_helix_gallery, layout_loops_corners, st_stairs_9,
          uniq_grinder, uniq_ijyb, uniq_sigmund
D:4:      layout_basic, minmay_temple_entry_overgrown, hex_large
D:5:      wander_river, layout_rooms
D:6:      layout_basic, nicolae_uskayaw_dance_studio
D:7:      layout_loops_ring, serial_glass, glass_columns_a, glass_columns_a,
          serial_shops, nicolae_shop_bloodbath_and_beyond,
          ebering_ghost_disaster_area, nicolae_stop_n_shop_1,
          uniq_crazy_yiuf_cottage
D:8:      layout_loops_ring, serial_shops, nicolae_stop_n_shop_1,
          kennysheep_little_box, serial_glass, glass_columns_a, glass_columns_c,
          glass_columns_a, glass_columns_b, glass_columns_a, glass_columns_a,
          item_on_display_a, feat_on_display, minmay_strange_pillars,
          due_unseen_surprise, nicolae_water_bricks, minmay_manual_mares

Skill      XL: |  1  2  3  4  5  6  7  8  9 |
---------------+----------------------------+-----
Stealth        | 1 2 3 4 5 7 |  7.7
Axes           | 3 4 5 6 |  6.5
Armour         | 3 4 6 7 |  7.5
Fighting       | 4 5 6 7 |  7.9
Dodging        | 2 3 4 5 |  5.3

Action                   |  1- 3 |  4- 6 |  7- 9 | 10-12 || total
-------------------------+-------+-------+-------+-------++-------
Melee: Hand axe          |    97 |    57 |       |       ||   154
       Punch             |     2 |     1 |     3 |     1 ||     7
       War axe           |       |    45 |   275 |    41 ||   361
Invok: Berserk           |       |     3 |     9 |     2 ||    14
       Trog's Hand       |       |     2 |       |     2 ||     4
 Stab: Sleeping          |       |     1 |       |       ||     1
Armor: Animal skin       |    39 |    13 |       |       ||    52
       Ring mail         |       |    22 |    10 |       ||    32
       Chain mail        |       |       |   215 |    51 ||   266
Dodge: Dodged            |    94 |    53 |   146 |    32 ||   325
